TOP OF THE 1ST |
York Revolution batting - Pitching for Myrtle Beach Seahawks : LHP Jon Trapani
|
Pitching: LHP Jon Trapani
|
|
Batting: RHB James Deines
|
0-0: Called Strike 0-1: Bunted foul 0-2: Foul Ball, location: 2F 0-2: DOUBLE (Line Drive, 9LS)
|
Batting: LHB Joe Ellison
|
0-0: Swinging Strike 0-1: Ball 1-1: Foul Ball, location: 2F 1-2: Ball 2-2: Ball 3-2: Ground out 6-3 (Groundball, 6M) James Deines to third
|
Batting: RHB Colm Goodwill
|
0-0: Ball 1-0: 2-RUN HOME RUN (Flyball, 7LD), Distance : 385 ft
|
Batting: RHB Luis Yander La O
|
0-0: Swinging Strike 0-1: Foul Ball, location: 2F 0-2: Ground out 5-3 (Groundball, 56)
|
Batting: RHB Eikki Kankaanperä
|
0-0: Ball 1-0: Ball 2-0: Ball 3-0: Called Strike 3-1: SINGLE (Flyball, 7LS)
|
Batting: RHB Mark Patterson
|
0-0: Ball 1-0: Called Strike 1-1: Called Strike 1-2: Ball 2-2: Strikes out looking
|
Top of the 1st over - 2 runs, 3 hits, 0 errors, 1 left on base; York 2 - Myrtle Beach 0 |
BOTTOM OF THE 1ST |
Myrtle Beach Seahawks batting - Pitching for York Revolution : RHP Gary MacHardy
|
Pitching: RHP Gary MacHardy
|
|
Batting: RHB Scott Dourque
|
0-0: Fly out, F4 (Flyball, 4D)
|
Batting: RHB Juan Mata
|
0-0: Foul Ball, location: 2F 0-1: Ball 1-1: Foul Ball, location: 2F 1-2: SINGLE (Line Drive, 6M)
|
Batting: RHB Melvin Aikey
|
0-0: Foul Ball, location: 2F 0-1: Ball 1-1: Called Strike 1-2: Foul Ball, location: 2F 1-2: Grounds into double play, 6-4-3 (Groundball, 6)
|
Bottom of the 1st over - 0 runs, 1 hit, 0 errors, 0 left on base; York 2 - Myrtle Beach 0 |
TOP OF THE 2ND |
York Revolution batting - Pitching for Myrtle Beach Seahawks : LHP Jon Trapani
|
Batting: RHB Guy Toussaint
|
0-0: Fly out, F9 (Line Drive, 9D)
|
Batting: RHB Tome Uso
|
0-0: Called Strike 0-1: Fly out, F8 (Line Drive, 8LD)
|
Batting: RHB Lawrence Stokes
|
0-0: Ball 1-0: Ball 2-0: Ground out 6-3 (Groundball, 6)
|
Top of the 2nd over - 0 runs, 0 hits, 0 errors, 0 left on base; York 2 - Myrtle Beach 0 |
BOTTOM OF THE 2ND |
Myrtle Beach Seahawks batting - Pitching for York Revolution : RHP Gary MacHardy
|
Batting: LHB Shohei Otani
|
0-0: Called Strike 0-1: Foul Ball, location: 2F 0-2: Ball 1-2: Foul Ball, location: 2F 1-2: Ball 2-2: Fly out, F7 (Flyball, 7D)
|
Batting: RHB Jon Moon
|
0-0: Called Strike 0-1: Ground out U3 (Groundball, 3)
|
Batting: RHB Chris Walters
|
0-0: Swinging Strike 0-1: Ground out 1-3 (Groundball, 15S)
|
Bottom of the 2nd over - 0 runs, 0 hits, 0 errors, 0 left on base; York 2 - Myrtle Beach 0 |
TOP OF THE 3RD |
York Revolution batting - Pitching for Myrtle Beach Seahawks : LHP Jon Trapani
|
Batting: RHB James Deines
|
0-0: Foul Ball, location: 2F 0-1: Ball 1-1: Called Strike 1-2: Foul Ball, location: 2F 1-2: Foul Ball, location: 2F 1-2: Foul Ball, location: 2F 1-2: Ball 2-2: Ball 3-2: Foul Ball, location: 2F 3-2: Foul Ball, location: 2F 3-2: Strikes out looking
|
Batting: LHB Joe Ellison
|
0-0: Foul Ball, location: 2F 0-1: Foul Ball, location: 2F 0-2: Strikes out swinging
|
Batting: RHB Colm Goodwill
|
0-0: Fly out, F6 (Popup, 6S)
|
Top of the 3rd over - 0 runs, 0 hits, 0 errors, 0 left on base; York 2 - Myrtle Beach 0 |
BOTTOM OF THE 3RD |
Myrtle Beach Seahawks batting - Pitching for York Revolution : RHP Gary MacHardy
|
Batting: SHB Dong-joo Yu
|
0-0: Ball 1-0: Foul Ball, location: 2F 1-1: SINGLE (Line Drive, 3D)
|
Batting: RHB Lucas Gallant
|
0-0: Called Strike 0-1: Foul Ball, location: 2F 0-2: Strikes out swinging
|
Batting: SHB Faradur Umrani
|
0-0: Ball 1-0: Grounds into double play, 4-6-3 (Groundball, 4MD)
|
Bottom of the 3rd over - 0 runs, 1 hit, 0 errors, 0 left on base; York 2 - Myrtle Beach 0 |
TOP OF THE 4TH |
York Revolution batting - Pitching for Myrtle Beach Seahawks : LHP Jon Trapani
|
Batting: RHB Luis Yander La O
|
0-0: Hit by Pitch
|
Batting: RHB Eikki Kankaanperä
|
0-0: Swinging Strike 0-1: Foul Ball, location: 2F 0-2: Fielders Choice at 2nd, 6-4 (Groundball, 6)
|
Batting: RHB Mark Patterson
|
0-0: Ball 1-0: Foul Ball, location: 2F 1-1: Ball 2-1: Swinging Strike 2-2: Ball 3-2: Base on Balls Eikki Kankaanperä to second
|
Batting: RHB Guy Toussaint
|
0-0: Called Strike 0-1: SINGLE (Flyball, 34D) Eikki Kankaanperä to third Mark Patterson to second Runner from 3rd tries for Home, SAFE, throw made home
|
Batting: RHB Tome Uso
|
0-0: Called Strike 0-1: Foul Ball, location: 2F 0-2: Ground out 5-3 (Groundball, 56S) Mark Patterson to third Guy Toussaint to second
|
Batting: RHB Lawrence Stokes
|
0-0: Ball 1-0: Fly out, F5 (Line Drive, 5)
|
Top of the 4th over - 1 run, 1 hit, 0 errors, 2 left on base; York 3 - Myrtle Beach 0 |
BOTTOM OF THE 4TH |
Myrtle Beach Seahawks batting - Pitching for York Revolution : RHP Gary MacHardy
|
Batting: RHB Scott Dourque
|
0-0: Called Strike 0-1: Called Strike 0-2: Strikes out looking
|
Batting: RHB Juan Mata
|
0-0: Foul Ball, location: 2F 0-1: Ball 1-1: Fly out, F9 (Flyball, 89D)
|
Batting: RHB Melvin Aikey
|
0-0: Ball 1-0: Foul Ball, location: 2F 1-1: Ball 2-1: Foul Ball, location: 2F 2-2: Ball 3-2: Base on Balls
|
Batting: LHB Shohei Otani
|
0-0: Called Strike 0-1: Swinging Strike 0-2: SINGLE (Line Drive, 9LS) Melvin Aikey to second
|
Batting: RHB Jon Moon
|
0-0: Ball 1-0: Ball 2-0: Ball 3-0: Called Strike 3-1: Swinging Strike 3-2: Strikes out swinging
|
Bottom of the 4th over - 0 runs, 1 hit, 0 errors, 2 left on base; York 3 - Myrtle Beach 0 |
TOP OF THE 5TH |
York Revolution batting - Pitching for Myrtle Beach Seahawks : LHP Jon Trapani
|
Batting: RHB James Deines
|
0-0: Ground out 5-3 (Groundball, 56)
|
Batting: LHB Joe Ellison
|
0-0: Swinging Strike 0-1: Ball 1-1: Foul Ball, location: 2F 1-2: Strikes out swinging
|
Batting: RHB Colm Goodwill
|
0-0: Ball 1-0: Ball 2-0: Foul Ball, location: 2F 2-1: SOLO HOME RUN (Flyball, 7LD), Distance : 369 ft
|
Batting: RHB Luis Yander La O
|
0-0: Called Strike 0-1: Foul Ball, location: 2F 0-2: Foul Ball, location: 2F 0-2: Foul Ball, location: 2F 0-2: Ball 1-2: SINGLE (Line Drive, 4M)
|
Batting: RHB Eikki Kankaanperä
|
0-0: Ball 1-0: Fielders Choice at 2nd, 5-4 (Groundball, 56)
|
Top of the 5th over - 1 run, 2 hits, 0 errors, 1 left on base; York 4 - Myrtle Beach 0 |
BOTTOM OF THE 5TH |
Myrtle Beach Seahawks batting - Pitching for York Revolution : RHP Gary MacHardy
|
Batting: RHB Chris Walters
|
0-0: Swinging Strike 0-1: Called Strike 0-2: Ball 1-2: Ball 2-2: Ball 3-2: Strikes out swinging
|
Batting: SHB Dong-joo Yu
|
0-0: Ground out 6-3 (Groundball, 6)
|
Batting: RHB Lucas Gallant
|
0-0: Ball 1-0: Ball 2-0: Called Strike 2-1: Fly out, F8 (Flyball, 8LD)
|
Bottom of the 5th over - 0 runs, 0 hits, 0 errors, 0 left on base; York 4 - Myrtle Beach 0 |
TOP OF THE 6TH |
York Revolution batting - Pitching for Myrtle Beach Seahawks : LHP Jon Trapani
|
Batting: RHB Mark Patterson
|
0-0: Ball 1-0: Ball 2-0: Foul Ball, location: 2F 2-1: Swinging Strike 2-2: Ball 3-2: Strikes out looking
|
Pitching: LHP Samuel Greene
|
|
Batting: RHB Guy Toussaint
|
0-0: Called Strike 0-1: Ball 1-1: Ball 2-1: Ball 3-1: Ground out 4-3 (Groundball, 4)
|
Batting: RHB Tome Uso
|
0-0: Called Strike 0-1: Ball 1-1: Swinging Strike 1-2: Foul Ball, location: 2F 1-2: Ground out 6-3 (Groundball, 6)
|
Top of the 6th over - 0 runs, 0 hits, 0 errors, 0 left on base; York 4 - Myrtle Beach 0 |
BOTTOM OF THE 6TH |
Myrtle Beach Seahawks batting - Pitching for York Revolution : RHP Gary MacHardy
|
Batting: SHB Faradur Umrani
|
0-0: Ball 1-0: Fly out, F8 (Flyball, 78M)
|
Batting: RHB Scott Dourque
|
0-0: Ball 1-0: Called Strike 1-1: Swinging Strike 1-2: Ball 2-2: Ball 3-2: Foul Ball, location: 2F 3-2: SINGLE (Groundball, 34D)
|
Batting: RHB Juan Mata
|
0-0: Fly out, F9 (Flyball, 89D)
|
Batting: RHB Melvin Aikey
|
0-0: Called Strike 0-1: Ball 1-1: Called Strike 1-2: Ball 2-2: Fly out, F9 (Flyball, 9)
|
Bottom of the 6th over - 0 runs, 1 hit, 0 errors, 1 left on base; York 4 - Myrtle Beach 0 |
TOP OF THE 7TH |
York Revolution batting - Pitching for Myrtle Beach Seahawks : LHP Samuel Greene
|
Batting: RHB Lawrence Stokes
|
0-0: Called Strike 0-1: SINGLE (Line Drive, 89S)
|
Batting: RHB James Deines
|
0-0: Ball 1-0: Bunted foul 1-1: Sac Bunt - play at first, batter OUT! 3-4 Lawrence Stokes to second
|
Batting: LHB Joe Ellison
|
0-0: Foul Ball, location: 2F 0-1: Swinging Strike 0-2: Ball 1-2: Foul Ball, location: 2F 1-2: Ground out 6-3 (Groundball, 6)
|
Batting: RHB Colm Goodwill
|
0-0: Swinging Strike 0-1: Ball 1-1: Ball 2-1: Ball 3-1: Base on Balls
|
Batting: RHB Luis Yander La O
|
0-0: Ball 1-0: Called Strike 1-1: Foul Ball, location: 2F 1-2: Strikes out swinging
|
Top of the 7th over - 0 runs, 1 hit, 0 errors, 2 left on base; York 4 - Myrtle Beach 0 |
BOTTOM OF THE 7TH |
Myrtle Beach Seahawks batting - Pitching for York Revolution : RHP Gary MacHardy
|
Batting: LHB Shohei Otani
|
0-0: Called Strike 0-1: Called Strike 0-2: Foul Ball, location: 2F 0-2: Foul Ball, location: 2F 0-2: Ball 1-2: Ball 2-2: Strikes out looking
|
Batting: RHB Jon Moon
|
0-0: Ball 1-0: Swinging Strike 1-1: Swinging Strike 1-2: Strikes out swinging
|
Batting: RHB Chris Walters
|
0-0: SINGLE (Line Drive, 6MD)
|
Batting: SHB Dong-joo Yu
|
0-0: Called Strike 0-1: Ball 1-1: Called Strike 1-2: Foul Ball, location: 2F 1-2: Ground out 4-3 (Groundball, 4)
|
Bottom of the 7th over - 0 runs, 1 hit, 0 errors, 1 left on base; York 4 - Myrtle Beach 0 |
TOP OF THE 8TH |
York Revolution batting - Pitching for Myrtle Beach Seahawks : LHP Samuel Greene
|
Batting: RHB Eikki Kankaanperä
|
0-0: Ball 1-0: Foul Ball, location: 2F 1-1: Ball 2-1: Fly out, F8 (Flyball, 8LS)
|
Batting: RHB Mark Patterson
|
0-0: Ball 1-0: Ball 2-0: Foul Ball, location: 2F 2-1: Ball 3-1: Base on Balls
|
Batting: RHB Guy Toussaint
|
0-0: Called Strike 0-1: Called Strike 0-2: Strikes out looking
|
Batting: RHB Tome Uso
|
0-0: Ball 1-0: Ball 2-0: Called Strike 2-1: Foul Ball, location: 2F 2-2: Fielders Choice at 2nd, 6-4 (Groundball, 6)
|
Top of the 8th over - 0 runs, 0 hits, 0 errors, 1 left on base; York 4 - Myrtle Beach 0 |
BOTTOM OF THE 8TH |
Myrtle Beach Seahawks batting - Pitching for York Revolution : RHP Gary MacHardy
|
Batting: RHB Lucas Gallant
|
0-0: Ball 1-0: Called Strike 1-1: Ground out 5-3 (Groundball, 56)
|
Batting: SHB Faradur Umrani
|
0-0: Called Strike 0-1: Fly out, F9 (Flyball, 9)
|
Batting: RHB Scott Dourque
|
0-0: Ball 1-0: Ball 2-0: Ball 3-0: Called Strike 3-1: Fly out, F7 (Flyball, 7LD)
|
Bottom of the 8th over - 0 runs, 0 hits, 0 errors, 0 left on base; York 4 - Myrtle Beach 0 |
TOP OF THE 9TH |
York Revolution batting - Pitching for Myrtle Beach Seahawks : LHP Samuel Greene
|
Batting: RHB Lawrence Stokes
|
0-0: Ball 1-0: Ball 2-0: SINGLE (Line Drive, 9)
|
Batting: RHB James Deines
|
0-0: Bunted foul 0-1: Bunt missed! 0-2: Ball 1-2: Ball 2-2: Ball 3-2: Base on Balls Lawrence Stokes to second
|
Batting: LHB Joe Ellison
|
0-0: Sac Bunt - play at third, runner OUT! 1-5 James Deines to second
|
Batting: RHB Colm Goodwill
|
0-0: Ball 1-0: Ball 2-0: Ball 3-0: Called Strike 3-1: Called Strike 3-2: Base on Balls James Deines to third Joe Ellison to second
|
Batting: RHB Luis Yander La O
|
0-0: SINGLE (Line Drive, 78S) James Deines scores Joe Ellison to third Colm Goodwill to second
|
Batting: RHB Eikki Kankaanperä
|
0-0: Ball 1-0: Ball 2-0: Called Strike 2-1: Fly out, F7 (Flyball, 7S)
|
Batting: RHB Mark Patterson
|
0-0: Foul Ball, location: 2F 0-1: Fly out, F8 (Flyball, 8LXD)
|
Top of the 9th over - 1 run, 2 hits, 0 errors, 3 left on base; York 5 - Myrtle Beach 0 |
BOTTOM OF THE 9TH |
Myrtle Beach Seahawks batting - Pitching for York Revolution : RHP Gary MacHardy
|
Now at 1B: Carlo Manlulu
|
|
Now at 3B: Andy Alderliesten
|
|
Batting: RHB Juan Mata
|
0-0: Foul Ball, location: 2F 0-1: Called Strike 0-2: Foul Ball, location: 2F 0-2: Foul Ball, location: 2F 0-2: Strikes out looking
|
Batting: RHB Melvin Aikey
|
0-0: Called Strike 0-1: Ball 1-1: Ball 2-1: Swinging Strike 2-2: Strikes out swinging
|
Batting: LHB Shohei Otani
|
0-0: Hit by Pitch
|
Batting: RHB Jon Moon
|
0-0: Foul Ball, location: 2F 0-1: Foul Ball, location: 2F 0-2: Ball 1-2: Strikes out looking
|
Bottom of the 9th over - 0 runs, 0 hits, 0 errors, 1 left on base; York 5 - Myrtle Beach 0 |
|